Map: Catalyst LE

Players

EonBlu - Winner!

  • Race: Zerg Zerg
  • Spawn Location: 5:00

SpaceMarine

  • Race: Protoss Protoss
  • Spawn Location: 11:00

Event: WCS Leipzig 2018

VOD

Have the link to the VOD?

Description

Time

  • Played on: Jan. 26, 2018, 7:10 a.m.
  • Length: 15:47

All games in this series

Show
View Real Time Build Order
Export as new Build Order

EonBlu Zerg - Winner!

Build Orders: Hatch First, Lurkers 

Get SALT Encoding   

  12  0:01  Drone  
  13  0:08  Drone  
  14  0:17  Overlord  
  14  0:35  Drone x2  
  16  0:48  Hatchery  
  15  0:51  Drone  
  15  0:55  Drone  
  17  0:58  Drone  
  18  1:09  Extractor  
  17  1:14  Spawning Pool  
  17  1:17  Drone  
  17  1:20  Drone  
  18  1:29  Drone  
  19  1:41  Overlord  
  19  1:51  Drone  
  20  2:00  Drone  
  21  2:01  Queen  
  21  2:02  Queen  
  21  2:03  Drone  
  26  2:14  Metabolic Boost  
  26  2:18  Drone x2  
  28  2:31  Hatchery  
  28  2:33  Drone  
  28  2:35  Drone  
  29  2:38  Zergling x2  
  29  2:40  Zergling x2  
  31  2:48  Drone x2  
  33  2:54  Overlord  
  33  2:56  Drone  
  34  3:04  Queen  
  36  3:15  Overlord  
  36  3:16  Drone  
  36  3:17  Drone x6  
  43  3:22  Drone  
  44  3:39  Baneling Nest  
  42  3:41  Overlord  
  42  3:45  Drone  
  42  3:46  Drone x6  
  49  3:54  Zergling x2  
  49  3:55  Zergling x4  
  51  3:59  Extractor  
  51  4:00  Extractor  
  49  4:03  Lair  
  49  4:04  Drone x3  
  52  4:11  Overlord  
  52  4:14  Drone  
  52  4:15  Drone x2  
  55  4:17  Drone x2  
  55  4:22  Overlord  
  57  4:35  Overlord x2  
  55  4:39  Evolution Chamber  
  55  4:41  Extractor  
  55  4:42  Zergling x6  
  55  4:43  Zergling x6  
  58  4:57  Drone  
  58  4:58  Drone x2, Zergling x4  
  58  4:59  Zergling x4  
  65  5:00  Drone x3  
  65  5:02  Hydralisk Den, Overseer  
  67  5:09  Zerg Missile Weapons Level 1  
  65  5:21  Drone  
  65  5:22  Drone, Overlord x3  
  66  5:32  Hydralisk  
  66  5:33  Hydralisk x7  
  81  5:42  Hydralisk x2  
  81  5:48  Zergling x8  
  89  5:53  Overlord  
  89  5:54  Overlord  
  89  6:00  Extractor  
  88  6:06  Zergling x8  
  88  6:07  Zergling x10  
  97  6:13  Lurker Den  
  97  6:16  Overseer  
  88  6:20  Zergling x4  
  86  6:34  Drone x5  
  86  6:35  Pneumatized Carapace, Drone x6  
  86  6:37  Overseer  
  94  6:42  Zergling x4  
  94  6:43  Zergling x2  
  84  6:58  Zergling x4  
  86  7:01  Drone x2  
  86  7:05  Zerg Missile Weapons Level 2  
  88  7:09  Overseer  
  88  7:12  Zergling x6  
  90  7:21  Hydralisk x3  
  95  7:28  Hydralisk x2  
  88  7:31  Hydralisk x3  
  88  7:32  Hydralisk x4  
  88  7:33  Hydralisk x3  
  102  7:39  Drone x2  
  105  7:44  Zergling x6  
  105  7:49  Zergling x6  
  110  7:54  Lurker x2  
  110  7:55  Lurker  
  110  7:57  Zergling x2  
  108  8:02  Zergling x2  
  108  8:03  Zergling x14  
  112  8:13  Zergling x2  
  112  8:14  Zergling x8  
  112  8:17  Lurker x5  
  112  8:19  Overlord  
  121  8:27  Zergling x2  
  120  8:35  Muscular Augments  
  120  8:37  Lurker  
  121  8:42  Drone x9  
  123  8:58  Hatchery  
  104  9:12  Zergling x20  
  104  9:13  Zergling x8  
  104  9:15  Lurker x2  
  108  9:31  Zergling x2  
  108  9:32  Zergling x4  
  108  9:35  Zergling x6  
  114  9:42  Hydralisk  
  114  9:43  Hydralisk x2  
  119  9:52  Hydralisk x3  
  117  9:55  Zerg Ground Armor Level 1  
  113  10:02  Zergling x2  
  113  10:11  Hydralisk x10  
  133  10:19  Hydralisk  
  133  10:20  Hydralisk  
  135  10:28  Hydralisk x4  
  126  10:35  Hydralisk x2  
  119  10:49  Hydralisk x6  
  121  10:51  Zergling x4  
  121  10:52  Zergling x6  
  136  11:08  Zergling x2  
  136  11:10  Overlord x4  
  136  11:21  Extractor  
  136  11:22  Extractor  
  136  11:23  Zergling x4  
  136  11:31  Zergling x2  
  136  11:32  Zergling x26  
  149  11:53  Zergling x12  
  149  11:54  Zergling x14  
  148  11:58  Zergling x4  
  123  12:03  Hydralisk x2  
  105  12:10  Hydralisk  
  105  12:11  Hydralisk x2  
  101  12:19  Zerg Ground Armor Level 2  
  101  12:23  Hydralisk x5  
  101  12:24  Hydralisk  
  101  12:26  Baneling  
  101  12:27  Baneling x11  
  101  12:29  Centrifical Hooks  
  111  12:32  Zergling x6  
  111  12:36  Hydralisk x3  
  118  12:41  Zergling x6  
  118  12:42  Zergling x2  
  122  12:53  Zergling x18  
  122  12:58  Zergling x2  
  128  13:03  Zergling x6  
  128  13:13  Zergling x2  
  128  13:14  Zergling x10  
  130  13:23  Zergling x2  
  130  13:24  Zergling x10  
  135  13:27  Hydralisk x2  
  135  13:35  Hydralisk x5  
  145  13:44  Baneling  
  145  13:45  Baneling x11  
  145  13:47  Zergling x4  
  145  13:48  Zergling x10  
  152  13:52  Hatchery  
  152  13:53  Baneling  
  152  13:54  Baneling x4  
  150  14:00  Zergling x16  
  146  14:05  Zergling x2  
  146  14:10  Hydralisk  
  146  14:11  Hydralisk x4  
  146  14:15  Baneling  
  146  14:16  Baneling x4  
  126  14:49  Zergling x2  
  126  14:50  Zergling x30  
  123  14:58  Hydralisk x8  
  131  15:05  Hydralisk x2  
  131  15:14  Zergling x4  
  131  15:15  Zergling x4  
  124  15:22  Zergling x2  
  124  15:23  Zergling x14  
Show
View Real Time Build Order
Export as new Build Order

SpaceMarine Protoss 

Build Orders: 1 Gate Expand, Archon Immortal 

Get SALT Encoding   

  12  0:01  Probe  
  13  0:13  Probe  
  14  0:18  Pylon  
  14  0:25  Probe (Chrono Boost)  
  15  0:37  Probe (Chrono Boost), Gateway  
  16  0:45  Probe (Chrono Boost)  
  16  0:46  Assimilator  
  17  0:51  Probe  
  18  1:04  Probe  
  19  1:19  Nexus  
  19  1:30  Cybernetics Core  
  19  1:32  Probe  
  20  1:38  Assimilator  
  20  1:44  Probe  
  21  1:49  Pylon  
  21  1:56  Probe (Chrono Boost)  
  22  2:06  Probe (Chrono Boost)  
  23  2:08  Warp Gate  
  23  2:09  Stalker  
  23  2:11  Probe (Chrono Boost)  
  26  2:23  Probe  
  27  2:31  Probe, Robotics Facility  
  27  2:35  Probe  
  29  2:40  Adept  
  29  2:43  Probe  
  32  2:47  Probe  
  33  2:55  Probe  
  34  2:59  Probe  
  34  3:03  Gateway  
  35  3:08  Probe (Chrono Boost)  
  35  3:11  Probe (Chrono Boost)  
  37  3:18  Sentry  
  37  3:19  Probe (Chrono Boost), Pylon  
  40  3:21  Probe (Chrono Boost)  
  40  3:23  Observer  
  40  3:24  Probe (Chrono Boost)  
  40  3:26  Probe  
  43  3:28  Pylon  
  42  3:34  Probe  
  42  3:35  Shield Battery  
  42  3:37  Pylon  
  42  3:40  Probe  
  44  3:46  Probe  
  45  3:50  Warp Prism  
  45  3:53  Twilight Council  
  47  3:56  Probe  
  47  3:59  Probe  
  49  4:03  Assimilator  
  49  4:05  Assimilator  
  49  4:08  Probe  
  50  4:11  Probe  
  50  4:15  Pylon  
  51  4:19  Adept x2  
  51  4:20  Probe  
  56  4:26  Gateway  
  56  4:35  Probe  
  56  4:38  Probe  
  56  4:40  Dark Shrine  
  56  4:42  Gateway  
  56  4:46  Adept x2  
  61  4:54  Resonating Glaives (Chrono Boost)  
  61  4:58  Pylon  
  60  5:17  Nexus  
  60  5:18  Pylon  
  60  5:19  Adept x2  
  61  5:38  Probe  
  61  5:39  Probe  
  63  5:49  Forge  
  63  5:51  Probe  
  63  5:52  Dark Templar x4  
  72  5:59  Probe  
  72  6:03  Probe  
  68  6:12  Probe  
  68  6:13  Immortal (Chrono Boost)  
  68  6:15  Probe  
  74  6:24  Charge (Chrono Boost)  
  74  6:26  Probe  
  74  6:29  Zealot  
  74  6:30  Zealot x3  
  83  6:38  Protoss Ground Weapons Level 1 (Chrono Boost)  
  78  6:44  Gateway x2  
  78  6:46  Gateway  
  75  6:48  Gateway, Immortal (Chrono Boost)  
  75  6:50  Templar Archives  
  75  6:51  Probe  
  80  6:56  Zealot x3  
  85  7:01  Probe  
  85  7:03  Probe  
  86  7:11  Pylon  
  86  7:12  Zealot  
  86  7:13  Pylon  
  86  7:14  Probe  
  89  7:16  Probe x2  
  89  7:17  Immortal (Chrono Boost)  
  93  7:30  Adept x2  
  93  7:31  Adept  
  93  7:34  Adept  
  93  7:35  Probe x2  
  93  7:36  Probe  
  104  7:37  Psionic Storm  
  104  7:47  Probe  
  104  7:48  Probe x2  
  104  7:49  Assimilator  
  107  7:53  Assimilator  
  107  7:54  Adept x3  
  107  7:55  High Templar  
  107  7:56  High Templar  
  117  8:00  Probe  
  117  8:03  Probe  
  119  8:07  High Templar  
  119  8:08  High Templar  
  119  8:10  Probe  
  119  8:12  Probe  
  125  8:15  High Templar  
  121  8:25  Probe x2, Photon Cannon x2  
  121  8:26  Probe, Pylon  
  124  8:37  Pylon  
  124  8:38  Pylon  
  124  8:39  Pylon  
  124  8:41  Protoss Ground Weapons Level 2 (Chrono Boost)  
  128  8:48  Zealot  
  128  8:49  Sentry  
  128  8:50  Nexus  
  128  8:52  Observer (Chrono Boost)  
  128  8:53  Pylon  
  122  9:01  Robotics Facility  
  116  9:03  Robotics Facility  
  116  9:04  Pylon  
  116  9:05  Pylon  
  116  9:09  Observer (Chrono Boost)  
  103  9:10  Zealot x2  
  103  9:11  Zealot x4  
  80  9:34  Zealot x4  
  80  9:35  Zealot x3  
  92  9:38  Archon x2  
  92  9:49  Immortal (Chrono Boost)  
  92  9:50  Observer (Chrono Boost)  
  92  9:55  Adept  
  92  9:56  Adept x2  
  92  9:57  Adept x2  
  94  10:02  Zealot x2  
  94  10:04  Immortal (Chrono Boost)  
  98  10:13  Probe  
  98  10:14  Probe x3  
  106  10:21  Zealot x5  
  106  10:26  Probe  
  84  10:43  Immortal (Chrono Boost)  
  84  10:44  Immortal (Chrono Boost)  
  84  10:48  Zealot x7  
  106  10:54  Probe x4  
  110  11:01  Protoss Ground Weapons Level 3 (Chrono Boost)  
  108  11:06  Probe  
  108  11:09  High Templar x2  
  108  11:10  High Templar x4  
  120  11:15  Pylon  
  118  11:24  Observer, Immortal  
  123  11:27  Stalker  
  123  11:33  Nexus  
  108  11:48  Zealot x3  
  108  11:49  Zealot  
  108  11:58  Zealot x3  
  108  12:00  Archon x2  
  102  12:07  Immortal  
  92  12:10  Zealot x4  
  90  12:16  Probe x2  
  90  12:21  High Templar x3  
  98  12:33  High Templar x2  
  98  12:34  High Templar  
  104  12:41  Zealot  
  101  12:53  Zealot  
  101  12:54  Zealot  
  101  12:58  Nexus  
  103  13:08  Gateway  
  103  13:11  Gateway  
  103  13:12  Zealot x3, Pylon  
  108  13:18  Zealot  
  101  13:35  Zealot, Sentry  
  101  13:37  Nexus  
  101  13:38  Probe x3  
  108  13:44  Pylon  
  108  13:45  High Templar  
  108  13:46  High Templar x2  
  114  13:50  Probe  
  114  13:52  Zealot  
  115  14:03  Zealot x2  
  115  14:05  Immortal (Chrono Boost)  
  115  14:06  Immortal (Chrono Boost)  
  127  14:24  Zealot  
  127  14:25  Zealot x3  
  133  14:42  Archon  
  133  14:43  Zealot x4  
  114  14:51  High Templar x3  
  110  14:57  High Templar  
  98  15:16  Nexus  
  82  15:31  Zealot x5  
  92  15:40  Archon  
Tags
 
Add a new tag
Caveats
  • Supply blocks, unpowered buildings, or Contaminate may cause inaccurate times.
  • Supply counts are checked every 10 seconds.